 Dungeon Sprint DCSS version 0.24.0-1-gfbc8707 (webtiles) character file.

Game seed: 2033233323317242874, levelgen mode: deterministic

16568 Fang the Warrior (level 12, -1/90 HPs)
             Began as a Gargoyle Berserker on Nov 7, 2019.
             Was the Champion of Trog.
             Slain by Ofazeid the pandemonium lord (3 damage)
             ... in the Dungeon (Sprint V: "Ziggurat Sprint").
             The game lasted 00:03:24 (1425 turns).

Fang the Warrior (Gargoyle Berserker)               Turns: 1425, Time: 00:03:24

Health: -1/90      AC: 39    Str: 31    XL:     12   Next: 38%
Magic:  1/12       EV:  7    Int: 10    God:    Trog [******]
Gold:   0          SH: 33    Dex:  9    Spells: 11/11 levels left

rFire    . . .     SeeInvis .   a - +5 broad axe (flame)
rCold    + . .     Gourm    +   E - +18 shield of the Gong {rElec rN+ MR+ EV-5}
rNeg     + + +     Faith    .   b - +15 Maxwell's patent armour {-Cast -Tele rElec MR+ rCorr}
rPois    ∞         Spirit   .   (no helmet)
rElec    +         Reflect  .   (no cloak)
rCorr    +         Harm     .   B - +1 pair of gloves {Str+3}
MR       ++...     NoTele   +   (no boots) Stlth ..........NoCast +
                                A - amulet of the gourmand
HPRegen  0.25/turn              C - +6 ring of strength
MPRegen  0.13/turn              i - ring of Ohuig {rC+ rN+ AC+3}

@: berserk cooldown, starving, slowed, very slow
A: deformed body, negative energy resistance 1, electricity resistance, weak 1,
unbreathing, petrification resistance, rot immunity, AC +8
a: Berserk, Trog's Hand, Brothers in Arms, Renounce Religion


You were in the Dungeon.
You worshipped Trog.
Trog was exalted by your worship.
You were starving.

You visited 1 branch

Inventory:

Hand Weapons
 a - a +5 broad axe of flaming (weapon)
 g - a +4 antimagic broad axe
Armour
 b - the +15 Maxwell's patent armour (worn) {-Cast -Tele rElec MR+ rCorr}
   (You found it in the Dungeon)

   It insulates you from electricity.
   It affects your resistance to hostile enchantments.
   It prevents spellcasting.
   It prevents most forms of teleportation.
   It provides partial protection from all sources of acid and corrosion.
 B - a +1 pair of gloves of strength (worn)
 E - the +18 shield of the Gong (worn) {rElec rN+ MR+ EV-5}
   (You found it in the Dungeon)

   It affects your evasion (-5).
   It insulates you from electricity.
   It protects you from negative energy.
   It affects your resistance to hostile enchantments.
Jewellery
 i - the ring of Ohuig (right hand) {rC+ rN+ AC+3}
   (You found it in the Dungeon)

   [ring of protection]

   It affects your AC (+3).
   It protects you from cold.
   It protects you from negative energy.
 x - the ring "Jixesk" {rPois rN+ Int+2}
   (You found it in the Dungeon)

   [ring of positive energy]

   It affects your intelligence (+2).
   It protects you from poison.
   It protects you from negative energy.
 y - an uncursed ring of stealth
 z - an uncursed ring of stealth
 A - an amulet of the gourmand (around neck)
 C - a +6 ring of strength (left hand)
 D - a +6 ring of strength
 F - an uncursed ring of protection from cold
Wands
 u - a wand of disintegration (7)
 v - a wand of iceblast (7)
 w - a wand of acid (7)
Scrolls
 j - 7 scrolls of fog
 k - a scroll of holy word
 l - 5 scrolls of identify
 m - 5 scrolls of remove curse
 n - 2 scrolls of fear
Potions
 d - 10 potions of curing
 e - 10 potions of heal wounds
 f - 10 potions of haste
 h - 3 potions of berserk rage
 o - 2 potions of brilliance
 p - 2 potions of invisibility
 q - 4 potions of resistance
 r - a potion of experience
 s - 5 potions of agility
 t - 6 potions of might
Comestibles
 c - 6 rations


   Skills:
 * Level 16.7 Fighting
 * Level 14.4 Axes
 + Level 12.2 Armour
 + Level 9.6 Dodging
 * Level 16.4 Shields


You had 11 spell levels left.
You didn't know any spells.
Your spell library was empty.

Dungeon Overview and Level Annotations

Branches:
Dungeon (1/1)

Altars:
Ashenzari
Cheibriados
Dithmenos
Elyvilon
Fedhas
Gozag
Hepliaklqana
Kikubaaqudgha
Makhleb
Nemelex Xobeh
Okawaru
Qazlal
Ru
Sif Muna
Trog
Uskayaw
Vehumet
Wu Jian
Xom
Yredelemnul
Zin
The Shining One
Beogh
Jiyva
Lugonu


Innate Abilities, Weirdness & Mutations

You are resistant to torment.
Your stone body is resilient. (AC +8)
You are immune to poison.
You resist negative energy. (rN+)
You are resistant to electric shocks. (rElec)
You can survive without breathing.
You are immune to petrification.
You are immune to rotting.
Armour fits poorly on your strangely shaped body.
You are weak. (Str -2)


Message History

The red devil hits you but does no damage.
The gelid blood saint hits you but does no damage.
You block Ofazeid's attack.
GONNNNG!
You slice the sixfirhy!! You burn the sixfirhy.
The sixfirhy is almost dead.
You barely miss Ofazeid.
You hit the gelid blood saint but do no damage.
You block the sixfirhy's attack.
GONNNNG!
You block the sixfirhy's attack.
SHROANNG!
You block the sixfirhy's attack.
BOUMMMMG!
You block the sixfirhy's attack.
PANG!
You block the red devil's attack.
GONNNNG!
Ofazeid hits you.
You die...

▓...8©8...▓...8©
▓..}..)}..▓..)"|.)..▓..[))
▓..[))||..▓...}}|[..▓...)|
▓.........▓.........▓.....
▓.........▓.........▓.....
▓......555▓.........▓.....
▓.....3434▓.........▓.....
▓..▓.55▓63▓.........▓.▓..†
▓.▓..556▓@▓.▓.....▓.▓....©
▓....561&C▓....©....▓▓▓▓▓▓
▓▓▓▓▓▓▓▓▓▓▓▓▓▓▓▓▓▓▓▓▓


You could see Ofazeid, an Executioner, 2 demonspawn, a sixfirhy, a neqoxec, a
ynoxinul, 2 red devils, 2 crimson imps, 2 ufetubi and a friendly cyclops
(berserk).

Vanquished Creatures
  An azure jelly (D)
  A deep elf sorcerer (D)
  A white draconian (D)
  2 death oozes (D)
  4 two-headed ogres (D)
  3 dancing weapons (D)
  A thrashing horror (D)
  2 wolf spiders (D)
  A shining eye (D)
  2 deep elf magi (D)
  2 draconians (D)
  A cyclops (D)
  2 eyes of devastation (D)
  2 trolls (D)
  A jumping spider (D)
  3 slime creatures (D)
  A redback (D)
  2 golden eyes (D)
  A chaos spawn (D)
  A floating eye (D)
  2 hell hounds (D)
  2 orc warriors (D)
  An ogre (D)
  5 scorpions (D)
  2 crimson imps (D)
  A quasit (D)
  3 iron imps (D)
  2 jellies (D)
  2 orc wizards (D)
  2 shadow imps (D)
  A white imp (D)
  An ufetubus (D)
  2 oozes (D)
  An adder zombie (D)
  3 orcs (D)
  A giant cockroach zombie (D)
65 creatures vanquished.

Notes
Turn   | Place    | Note
-------+----------+-------------------------------------------
     0 | D        | Fang the Gargoyle Berserker began the quest for the Orb.
     0 | D        | Reached XP level 1. HP: 14/14 MP: 1/1
     0 | D        | Found a blossoming altar of Fedhas.
     1 | D        | Found the +6 Majin-Bo {vamp, Archmagi MP+6 Int+6}
     1 | D        | Found the +7 great mace "Firestarter" {inner flame, rF++}
     1 | D        | Found a transporter.
     1 | D        | Found a viscous altar of Jiyva.
     1 | D        | Found an ancient bone altar of Kikubaaqudgha.
     1 | D        | Found a hazy altar of Hepliaklqana.
     1 | D        | Found a corrupted altar of Lugonu.
     1 | D        | Found an opulent altar of Gozag.
     1 | D        | Found a burning altar of Makhleb.
    17 | D        | Found a stormy altar of Qazlal.
    17 | D        | Found an iron altar of Okawaru.
    17 | D        | Found a sacrificial altar of Ru.
    17 | D        | Found a sparkling altar of Nemelex Xobeh.
    17 | D        | Found a shimmering blue altar of Sif Muna.
    17 | D        | Found a bloodstained altar of Trog.
    24 | D        | Found the +9 heavy crossbow "Sniper" {velocity, Acc+∞ SInv}
    24 | D        | Found the +10 dark maul {crush}
    24 | D        | Found the +15 Maxwell's patent armour {-Cast -Tele rElec
                  | MR+ rCorr}
    24 | D        | Found the +18 shield of the Gong {rElec rN+ MR+ EV-5}
    24 | D        | Found the cursed +14 obsidian axe {chop, +Fly SInv *Curse}
    77 | D        | Entered arena 2.
    77 | D        | Noticed a thrashing horror
    77 | D        | Noticed a crimson imp
    77 | D        | Found a transporter.
    84 | D        | Killed a thrashing horror
    84 | D        | Reached XP level 2. HP: 27/27 MP: 2/2
    84 | D        | Reached XP level 3. HP: 31/31 MP: 3/3
    84 | D        | Reached XP level 4. HP: 36/36 MP: 4/4
    84 | D        | Reached XP level 5. HP: 41/41 MP: 5/5
    84 | D        | Reached XP level 6. HP: 46/46 MP: 6/6
    84 | D        | Reached XP level 7. HP: 51/51 MP: 7/7
   215 | D        | Entered arena 3.
   215 | D        | Noticed a white draconian
   215 | D        | Noticed a draconian
   215 | D        | Noticed a draconian
   215 | D        | Found a transporter.
   229 | D        | Killed a white draconian
   229 | D        | Reached ** piety under Trog
   229 | D        | Reached skill level 5 in Dodging
   229 | D        | Reached skill level 10 in Shields
   229 | D        | Reached XP level 8. HP: 60/60 MP: 8/8
   230 | D        | Killed a draconian
   230 | D        | Reached XP level 9. HP: 40/64 MP: 9/9
   232 | D        | Killed a draconian
   232 | D        | Reached skill level 10 in Axes
   242 | D        | Got the ring of Ohuig {rC+ rN+ AC+3}
   341 | D        | Entered arena 4.
   341 | D        | Found a transporter.
   345 | D        | Reached *** piety under Trog
   353 | D        | Entered arena 5.
   353 | D        | Found a transporter.
   355 | D        | Reached **** piety under Trog
   366 | D        | Entered arena 6.
   366 | D        | Found a transporter.
   369 | D        | Reached ***** piety under Trog
   375 | D        | Received a gift from Trog
   408 | D        | Entered arena 7.
   408 | D        | Noticed an eye of devastation
   408 | D        | Noticed a shining eye
   409 | D        | Found a transporter.
   415 | D        | Gained mutation: Armour fits poorly on your strangely
                  | shaped body. [a shining eye]
   417 | D        | Gained mutation: You are weak. (Str -2) [a shining eye]
   418 | D        | Killed a shining eye
   418 | D        | Reached XP level 10. HP: 49/72 MP: 10/10
   420 | D        | Killed an eye of devastation
   425 | D        | Got the ring "Jixesk" {rPois rN+ Int+2}
   642 | D        | Entered arena 8.
   642 | D        | Noticed a +0 mace of venom
   642 | D        | Noticed a deep elf mage
   642 | D        | Noticed a deep elf mage
   642 | D        | Noticed a +2 halberd of venom
   642 | D        | Noticed a deep elf sorcerer
   642 | D        | Noticed a +1 trident of protection
   643 | D        | Found a transporter.
   646 | D        | Killed a +0 mace of venom
   649 | D        | Killed a +2 halberd of venom
   649 | D        | Received a gift from Trog
   655 | D        | Killed a +1 trident of protection
   655 | D        | Reached skill level 10 in Armour
   656 | D        | Killed a deep elf sorcerer
   656 | D        | Reached XP level 11. HP: 68/80 MP: 11/11
   658 | D        | Killed a deep elf mage
   666 | D        | Killed a deep elf mage
   800 | D        | Entered arena 9.
   801 | D        | Identified the +0 scimitar of Azoasch {slice, *Slow Str+6
                  | Dex+2}
   802 | D        | Found a transporter.
   806 | D        | Received a gift from Trog
   807 | D        | Reached ****** piety under Trog
   858 | D        | Entered arena 10.
   858 | D        | Noticed a cyclops
   858 | D        | Noticed a two-headed ogre
   858 | D        | Noticed a two-headed ogre
   858 | D        | Noticed a two-headed ogre
   858 | D        | Noticed a two-headed ogre
   860 | D        | Found a transporter.
   863 | D        | Killed a two-headed ogre
   865 | D        | Killed a two-headed ogre
   865 | D        | Reached skill level 15 in Fighting
   866 | D        | Killed a two-headed ogre
   866 | D        | Received a gift from Trog
   869 | D        | Killed a two-headed ogre
   869 | D        | Reached skill level 15 in Shields
   872 | D        | Killed a cyclops
   927 | D        | Entered arena 11.
   927 | D        | Noticed a wolf spider
   927 | D        | Noticed a wolf spider
   928 | D        | Found the +6 arbalest "Damnation" {damnation}
   937 | D        | Killed a wolf spider
   937 | D        | Received a gift from Trog
   940 | D        | Killed a wolf spider
   941 | D        | Found a transporter.
   986 | D        | Entered arena 12.
   986 | D        | Noticed a death ooze
   986 | D        | Noticed an azure jelly
   986 | D        | Noticed a death ooze
   987 | D        | Found the +4 moon troll leather armour {Spirit, Regen++
                  | MP+5}
   996 | D        | Reached XP level 12. HP: 61/88 MP: 12/12
  1000 | D        | Killed an azure jelly
  1000 | D        | Killed a death ooze
  1003 | D        | Killed a death ooze
  1003 | D        | Received a gift from Trog
  1004 | D        | Found a transporter.
  1406 | D        | Entered arena 13.
  1406 | D        | Noticed Ofazeid the pandemonium lord
  1406 | D        | Noticed a gelid blood saint
  1407 | D        | Noticed a monstrous black sun
  1407 | D        | Noticed an Executioner
  1407 | D        | Noticed a gelid blood saint
  1422 | D        | HP: 1/90 [Ofazeid the pandemonium lord (7)]
  1425 | D        | Slain by Ofazeid the pandemonium lord

Levels and vault maps discovered:
D:        sprint_v [room_start, room_1, room_2, room_3, room_4, room_5, room_6,
          room_7, room_8, room_9, room_10, room_11, room_12, room_13, room_14,
          room_15, room_16, room_17, room_18, room_19, room_20, room_21,
          room_22, room_23, room_24, room_25, room_26, room_27]

Skill      XL: |  1  2  3  4  5  6  7  8  9 10 11 12 |
---------------+-------------------------------------+-----
Fighting       | 9 11 12 14 15 16 | 16.7
Axes           | 7 9 10 12 13 14 | 14.4
Armour         | 6 7 8 9 10 11 12 | 12.2
Dodging        | 4 5 6 8 9 |  9.6
Shields        | 8 10 12 13 15 16 | 16.4

Action                   |  1- 3 |  4- 6 |  7- 9 | 10-12 || total
-------------------------+-------+-------+-------+-------++-------
Melee: Broad axe         |     3 |       |    43 |    78 ||   124
Invok: Berserk           |     1 |       |     1 |     7 ||     9
       Brothers in Arms  |       |       |       |     1 ||     1
  Use: Scroll            |       |       |       |     1 ||     1
  Eat: Chunk             |       |       |       |    18 ||    18
       Ration            |       |       |       |     1 ||     1
Armor: Plate armour      |     2 |       |    16 |    62 ||    80
Dodge: Dodged            |       |       |     2 |    18 ||    20
Block: Shield            |    10 |       |    53 |   151 ||   214
